 Dungeon Crawl Stone Soup version 0.31.0-12-g77e489cdc1 (webtiles) character file.

Game seed: 5126279867659636684

297 sking99 the Trooper (level 6, 0/39 HPs)
             Began as a Gargoyle Fighter on Feb 20, 2024.
             Was an Initiate of Makhleb.
             Slain by an endoplasm (1 damage)
             ... on level 4 of the Dungeon.
             The game lasted 00:07:09 (2669 turns).

sking99 the Trooper (Gargoyle Fighter)              Turns: 2669, Time: 00:07:10

Health: 0/39       AC: 15    Str: 20    XL:     6   Next: 35%
Magic:  6/6        EV: 14    Int:  8    God:    Makhleb [......]
Gold:   226        SH:  4    Dex: 11    Spells: 5/5 levels left

rFire   . . .        a - +0 flail
rCold   . . .        c - +0 buckler
rNeg    + . .        b - +0 scale mail
rPois   ∞            h - +2 hat
rElec   +            y - +0 cloak
rCorr   .            j - +0 pair of gloves
SInv    .            (no boots)
Will    .....        (no amulet) Stlth
                     m - +5 ring of evasion
HPRegen 0.26/turn    (no ring)
MPRegen 0.10/turn

%: no passive effects
@: no status effects
A: sickness immunity, AC +4, negative energy resistance 1, electricity
resistance, torment resistance 1, petrification resistance
a: Renounce Religion


You were on level 4 of the Dungeon.
You worshipped Makhleb.
Makhleb was noncommittal.
You visited 1 branch of the dungeon, and saw 4 of its levels.

You collected 226 gold pieces.

Inventory:

Hand Weapons
 a - a +0 flail (weapon)
Armour
 b - a +0 scale mail (worn)
 c - a +0 buckler (worn)
 f - a scarf of invisibility
 h - a +2 hat (worn)
 j - a +0 pair of gloves (worn)
 y - a +0 cloak (worn)
Jewellery
 m - a +5 ring of evasion (left hand)
 A - a +5 ring of evasion
Wands
 x - a wand of flame (1)
Scrolls
 e - 3 scrolls of identify {unknown}
 g - a scroll of enchant armour {unknown}
 i - 2 scrolls of amnesia {unknown}
 k - 3 scrolls of noise {unknown}
 o - 2 scrolls of fear {unknown}
 p - 2 scrolls of teleportation {unknown}
 q - a scroll of fog {unknown}
 s - a scroll of acquirement {unknown}
 v - a scroll of poison {unknown}
 B - a scroll of blinking {unknown}
Potions
 d - 2 potions of might
 l - 3 potions of haste {unknown}
 n - a potion of cancellation {unknown}
 r - a potion of magic {unknown}
 t - 3 potions of curing {unknown}
 u - a potion of attraction {unknown}
 w - a potion of mutation {unknown}
 z - a potion of ambrosia {unknown}


   Skills:
 + Level 4.4 Fighting
 * Level 4.2 Maces & Flails
 + Level 4.3 Armour
 + Level 4.3 Shields
 + Level 1.3 Invocations


You had 5 spell levels left.
You didn't know any spells.
Your spell library was empty.

Dungeon Overview and Level Annotations

Branches:
Dungeon (4/15)
 Temple: D:4-7

Altars:
Cheibriados
Kikubaaqudgha
Makhleb
Vehumet

Annotations:
D:4 Blork the orc


Innate Abilities, Weirdness & Mutations

You are immune to sickness and miasma.
Your stone body is resilient. (AC +4)
You are immune to poison.
You resist negative energy. (rN+)
You are resistant to electric shocks. (rElec)
You are resistant to unholy torment.
You are immune to petrification.


Message History

Blork the orc is moderately wounded.
Blork the orc closely misses you.
The endoplasm hits you but does no damage.
You hit Blork the orc but do no damage.
Blork the orc is moderately wounded.
Blork the orc hits you but does no damage.
The endoplasm hits you. Blork the orc closely misses you.
The endoplasm hits you but does no damage.
You hit Blork the orc but do no damage.
Blork the orc is moderately wounded.
Blork the orc barely misses you. Blork the orc casts a spell at you.
The magic dart hits you! You block the endoplasm's attack.
You sock Blork the orc!
Blork the orc is heavily wounded.
Blork the orc looks satisfied for a moment.
The endoplasm closely misses you. Blork the orc misses you.
You hit Blork the orc.
Blork the orc is heavily wounded.
Blork the orc barely misses you. The endoplasm misses you.
You block Blork the orc's attack.
You closely miss Blork the orc.
Blork the orc is heavily wounded.
Blork the orc casts a spell at you. The puff of frost hits you!
* * * LOW HITPOINT WARNING * * *
The endoplasm freezes you.
You are frozen.
* * * LOW HITPOINT WARNING * * *
You block Blork the orc's attack.
The endoplasm jiggles.
The endoplasm barely misses you.
You closely miss Blork the orc.
Blork the orc is heavily wounded.
Blork the orc screams, "I'll eat your brain!
And then I'll vomit it back up!"
Blork the orc gestures at you while chanting.
The magic dart hits you.
* * * LOW HITPOINT WARNING * * *
The endoplasm hits you.
You die...

.............##
............##
...........##
......|....# ##### ####
...........# ##...##...#
..........####?.........
........................
..#.###.#####....J......
###.# #.# #...@o......
.. ... ##.......... ...
..... ##...##...# .#.
##### ### #.


You could see Blork the orc (fast) and an endoplasm.

Vanquished Creatures
  A scorpion (D:4)
  A crimson imp (D:3)
  A bombardier beetle (D:4)
  A hound (D:4)
  3 adders
  2 ufetubi (D:4)
  4 dart slugs
  3 ribbon worms
  6 orcs (D:4)
  6 ball pythons
  7 bats
  7 endoplasms
  5 giant cockroaches
  7 goblins
  6 hobgoblins
  2 jackals (D:3)
  7 kobolds
  3 quokkas
  3 frilled lizards (D:1)
  6 rats
81 creatures vanquished.

Notes
Turn   | Place    | Note
-------+----------+-------------------------------------------
     0 | D:1      | sking99 the Gargoyle Fighter began the quest for the Orb.
     0 | D:1      | Reached XP level 1. HP: 14/14 MP: 1/1
   236 | D:1      | Reached XP level 2. HP: 18/19 MP: 2/2
   248 | D:1      | Found a faded altar of an unknown god.
   526 | D:1      | Reached XP level 3. HP: 23/23 MP: 3/3
   842 | D:2      | Reached XP level 4. HP: 28/29 MP: 4/4
  1415 | D:3      | Found an ancient bone altar of Kikubaaqudgha.
  1887 | D:3      | Found a burning altar of Makhleb.
  1888 | D:3      | Found a radiant altar of Vehumet.
  1909 | D:3      | Reached XP level 5. HP: 18/33 MP: 5/5
  1969 | D:3      | Became a worshipper of Makhleb the Destroyer
  2316 | D:4      | Reached skill level 1 in Invocations
  2316 | D:4      | Reached XP level 6. HP: 22/39 MP: 6/6
  2578 | D:4      | Found a snail-covered altar of Cheibriados.
  2652 | D:4      | Noticed Blork the orc
  2669 | D:4      | HP: 1/39 [Blork the orc/magic dart (6)]
  2669 | D:4      | Slain by an endoplasm

Illustrated notes

Levels and vault maps discovered:
D:1:      mrwooster_arrival_statue, layout_rooms,
          ebering_ecumenical_altar_sacrificial
D:2:      layout_loops_ring, kennysheep_generic_room_15
D:3:      layout_loops_cross, grunt_temple_overflow_lords_of_destruction,
          lemuel_doored_altar, minmay_quantized
D:4:      layout_rooms, mainiacjoe_overflow_concentric_impassable,
          uniq_blork_the_orc

Skill      XL: |  1  2  3  4  5 |
---------------+----------------+-----
Maces & Flails | 3 4 |  4.2
Fighting       | 4 |  4.4
Armour         | 4 |  4.3
Shields        | 4 |  4.3
Invocations    | 1 |  1.3

Action                     |  1- 3 |  4- 6 || total
---------------------------+-------+-------++-------
  Melee: Flail             |   133 |   169 ||   302
 Armour: Scale mail        |    86 |    98 ||   184
  Dodge: Dodged            |    89 |   157 ||   246
  Block: Buckler           |    22 |    53 ||    75
